 Dungeon Crawl Stone Soup version 0.31.0-11-ge490571c62 (webtiles) character file.

Game seed: 13210026714285782286

1040 Aviak the Trooper (level 8, 65/68 HPs)
             Began as a Demonspawn Fire Elementalist on Jan 26, 2024.
             Quit the game on level 4 of the Dungeon.
             The game lasted 00:10:57 (5003 turns).

Aviak the Trooper (Demonspawn Fire Elementalist)    Turns: 5003, Time: 00:10:58

Health: 65/68      AC: 13    Str: 12    XL:     8   Next: 4%
Magic:  1/12       EV: 12    Int: 17    God:
Gold:   307        SH:  0    Dex: 13    Spells: 10/13 levels left

rFire   . . .        D - +11 dagger "Epoczyan" {protect, Fly rC+ Str+2 Stlth+}
rCold   + . .        q - orb {light}
rNeg    . . .        a - +0 robe
rPois   .            (no helmet)
rElec   .            w - +0 cloak
rCorr   .            (no gloves)
SInv    .            (no boots)
Will    .....        n - amulet of regeneration
Stlth   +            (no ring)
HPRegen 1.11/turn    (no ring)
MPRegen 0.13/turn

%: no passive effects
@: under a protective aura, flying, glowing
A: hooves 2, thin metallic scales 2, ignite blood 1, spiny 1
a: no special abilities


You were on level 4 of the Dungeon.
You visited 1 branch of the dungeon, and saw 5 of its levels.
You also visited: Sewer.

You collected 307 gold pieces.

Inventory:

Hand Weapons
 c - a +0 dagger
 y - a +3 short sword of venom
 D - the +11 dagger "Epoczyan" (weapon) {protect, Fly rC+ Str+2 Stlth+}
   (You found it on level 4 of the Dungeon)

   Str+2:     It affects your strength (+2).
   rC+:       It protects you from cold.
   Fly:       It grants you flight.
   Stlth+:    It makes you more stealthy.
Armour
 a - a +0 robe (worn)
 q - an orb of light (worn)
 w - a +0 cloak (worn)
Jewellery
 l - an amulet of the acrobat
 n - an amulet of regeneration (around neck)
Talismans
 v - a talisman of death
Wands
 B - a wand of acid (8)
Scrolls
 f - 3 scrolls of revelation
 g - a scroll of enchant weapon {unknown}
 i - a scroll of identify
 j - a scroll of enchant armour {unknown}
 k - a scroll of butterflies {unknown}
 m - a scroll of fog {unknown}
 t - 2 scrolls of teleportation
 u - a scroll of amnesia {unknown}
 x - a scroll of blinking
 z - a scroll of poison {unknown}
 A - 2 scrolls of noise {unknown}
 C - a scroll of fear {unknown}
Potions
 b - a potion of magic
 d - 2 potions of brilliance
 e - 3 potions of attraction {unknown}
 h - 4 potions of heal wounds
 o - a potion of enlightenment {unknown}
 p - a potion of lignification {unknown}
 r - a potion of haste {unknown}
 s - a potion of berserk rage {unknown}


   Skills:
 + Level 7.9 Fighting
 - Level 2.2 Dodging
 - Level 2.2 Stealth
 - Level 3.0 Spellcasting
 - Level 1.6 Conjurations
 - Level 4.0 Fire Magic


You had 10 spell levels left.
You knew the following spells:

 Your Spells              Type           Power      Damage    Failure   Level
a - Foxfire               Conj/Fire      48%        2x1d6     5%          1
b - Scorch                Fire           32%        2d6       4%          2

Your spell library contained the following spells:

 Spells                   Type           Power      Damage    Failure   Level
 Sting                    Conj/Alch      20%        1d4       13%         1
 Inner Flame              Hex/Fire       9%         N/A       22%         3
 Volatile Blastmotes      Fire/Tloc      18%        2d11      22%         3
 Lesser Beckoning         Tloc           4%         N/A       26%         2
 Mercury Vapours          Alch/Air       4%         N/A       26%         2
 Dazzling Flash           Conj/Hex       10%        N/A       36%         3
 Fugue of the Fallen      Necr           2%         N/A       45%         3
 Gell's Gravitas          Tloc           2%         N/A       45%         3
 Ozocubu's Armour         Ice            2%         N/A       45%         3
 Teleport Other           Tloc           2%         N/A       45%         3
 Flame Wave               Conj/Fire      12%        2d6       50%         4
 Manifold Assault         Tloc           2%         N/A       86%         4
 Olgreb's Toxic Radiance  Alch           2%         N/A       86%         4
 Irradiate                Conj/Alch      2%         3d12      98%         5
 Starburst                Conj/Fire      6%         6d4       100%        6
 Ignition                 Fire           8%         3d5       100%        8
 Maxwell's Capacitive Co  Air            1%         ∞         100%        8


Dungeon Overview and Level Annotations

Branches:
Dungeon (5/15)              Sewer (visited)
 Temple: D:4-7

Altars:
Xom
Yredelemnul

Shops:
D:2 [


Innate Abilities, Weirdness & Mutations

You have hoof-like feet.
You are mostly covered in thin metallic scales. (AC +3)
Your demonic aura sometimes causes spilled blood to erupt in flames.
You are partially covered in sharp spines.


Message History

The orc is heavily wounded.
The orc hits you but does no damage.
You puncture the orc!
You kill the orc!
Flames lash the orc priest.
The orc priest is severely wounded.
The orc priest's fire resistance burns away.
The orc wizard hits you but does no damage.
Flames lash the orc priest.
The orc priest is burned terribly!
You kill the orc priest!
You hear a shout!
The orc wizard casts a spell at you. You resist with some effort.
Flames lash the orc wizard.
The orc wizard is lightly wounded.
The orc wizard's fire resistance burns away.
The orc wizard barely misses you.
You hit the orc wizard but do no damage.
The orc wizard is lightly wounded.
The orc wizard hits you but does no damage.
Blork the orc comes into view.
He is wielding a +0 scimitar.
You puncture the orc wizard!
The orc wizard is severely wounded.
The orc wizard is engulfed in blazing flames.
You kill the orc wizard!
Flames lash Blork the orc.
Blork the orc is lightly wounded.
Blork the orc's fire resistance burns away.
Flames lash Blork the orc.
Blork the orc is burned terribly!
Blork the orc is heavily wounded.
You are out of magic!
You are out of magic!
Blork the orc hits you with a +0 scimitar.
Items here: )) [[ †.
You puncture Blork the orc! You kick Blork the orc.
You kill Blork the orc!
You have reached level 8!
You feel stronger.
Your demonic ancestry asserts itself...
Sharp spines emerge from parts of your body.
Are you sure you want to abandon this character and quit the game? (Confirm with "yes".)

******,*,*<*,* *,,,,,,*,***,*****
###### *,,,,,,,,,,*,*,,,* #....#
*,,,,,,,,*,*,*,*,* #....#
*****,****,*,,,,,* #....#
*,,,,,,*,*,,,* #..|.#
***#######,,,*
###....##########.......,,,*
..'..........).)@)......,,>*
###....###...####.#####.,********
###....# #...#***.# ***,,* *,,,,
..#....# #...#,,,.# *,,,,* *,***
#.#....# #...#,,,.# *,**,****,,,*
#...######...#,,,.#**,**,**,,,,,,
.##.# *.......,,,..**,**,**,,,,,,
.##.# *........,,..**,**,,+,,,,<,
....###.....,,,,,,,,,,,,,,*,,,,,,


There were no monsters in sight!

Vanquished Creatures
  A black bear (D:5)
  An ogre (D:5)
  3 phantoms
  2 bullfrogs (Sewer)
  Blork the orc (D:4)
  A scorpion (D:5)
  An orc priest (D:4)
  A sleepcap (D:5)
  Natasha (D:4)
  2 orc wizards
  A gnoll (D:1)
  6 adders
  A white imp (D:5)
  2 ufetubi (D:5)
  4 ribbon worms
  18 dart slugs
  8 orcs
  19 ball pythons
  15 endoplasms
  16 giant cockroaches
  6 goblins
  5 hobgoblins
  6 jackals (D:3)
  5 quokkas
  5 bats
  9 frilled lizards
  5 kobolds
  7 rats
152 creatures vanquished.

Vanquished Creatures (others)
  92 foxfires
92 creatures vanquished.

Grand Total: 244 creatures vanquished

Notes
Turn   | Place    | Note
-------+----------+-------------------------------------------
     0 | D:1      | Aviak the Demonspawn Fire Elementalist began the quest for
                  | the Orb.
     0 | D:1      | Reached XP level 1. HP: 13/13 MP: 3/3
   198 | D:1      | Gained mutation: You have large cloven feet. [demonic
                  | ancestry]
   198 | D:1      | Reached XP level 2. HP: 14/19 MP: 0/5
   488 | D:1      | Reached XP level 3. HP: 8/24 MP: 0/6
   893 | D:2      | Learned a level 2 spell: Scorch
  1012 | D:2      | Found Rotabluhakk's Antique Armour Shoppe.
  1311 | D:2      | Gained mutation: You have hoof-like feet. [demonic
                  | ancestry]
  1311 | D:2      | Reached XP level 4. HP: 31/31 MP: 0/7
  1467 | D:2      | Reached skill level 1 in Fighting
  2054 | D:2      | Found a faded altar of an unknown god.
  2715 | D:3      | You fall into a shaft and drop 2 floors!
  2715 | D:5      | Entered Level 5 of the Dungeon
  2740 | D:5      | Noticed a phantom
  2743 | D:5      | Killed a phantom
  2744 | D:5      | Reached skill level 2 in Fighting
  2744 | D:5      | Gained mutation: You are partially covered in thin metallic
                  | scales. (AC +2) [demonic ancestry]
  2744 | D:5      | Reached XP level 5. HP: 39/39 MP: 2/9
  3135 | D:5      | Reached skill level 3 in Fighting
  3135 | D:5      | Gained mutation: You are mostly covered in thin metallic
                  | scales. (AC +3) [demonic ancestry]
  3135 | D:5      | Reached XP level 6. HP: 19/47 MP: 1/10
  3246 | D:5      | Reached skill level 4 in Fighting
  3327 | D:5      | Reached skill level 5 in Fighting
  3584 | D:4      | Gained mutation: Your demonic aura sometimes causes spilled
                  | blood to erupt in flames. [demonic ancestry]
  3584 | D:4      | Reached XP level 7. HP: 54/57 MP: 0/11
  3619 | D:4      | Found a glowing drain.
  3651 | Sewer    | Entered a sewer
  4097 | Sewer    | Reached skill level 6 in Fighting
  4700 | D:4      | Reached skill level 7 in Fighting
  4824 | D:4      | Noticed Natasha
  4829 | D:4      | Killed Natasha
  4890 | D:4      | Found a basalt altar of Yredelemnul.
  4891 | D:4      | Found a shimmering altar of Xom.
  4920 | D:4      | Identified the +11 dagger "Epoczyan" {protect, Fly rC+
                  | Str+2 Stlth+}
  4997 | D:4      | Noticed Blork the orc
  5002 | D:4      | Killed Blork the orc
  5003 | D:4      | Gained mutation: You are partially covered in sharp spines.
                  | [demonic ancestry]
  5003 | D:4      | Reached XP level 8. HP: 65/68 MP: 1/12
  5003 | D:4      | Quit the game

Illustrated notes

Levels and vault maps discovered:
D:1:      lightli_arrival_flooded_house, layout_basic
D:2:      kennysheep_six_static_rooms, layout_basic, serial_shops,
          nicolae_shop_temple_entry_statues_fountains,
          shapermc_ecumenical_altar_mp_vishouse
D:3:      layout_rooms, minmay_vboxes
D:4:      layout_basic, mainiacjoe_overflow_divided_tiny, portal_sewer_entry_f,
          kennysheep_cross_bottleneck, uniq_natasha, uniq_blork_the_orc
D:5:      layout_loops_ring, chequers_temple_overflow_minitemple

Skill      XL: |  1  2  3  4  5  6  7 |
---------------+----------------------+-----
Stealth        | 2 |  2.2
Dodging        | 2 |  2.2
Fire Magic     | 3 4 |  4.0
Fighting       | 2 3 5 7 |  7.9
Spellcasting   | 3 |  3.0
Conjurations   | |  1.6

Action                     |  1- 3 |  4- 6 |  7- 9 || total
---------------------------+-------+-------+-------++-------
  Melee: Dagger            |    63 |    92 |    85 ||   240
         Unarmed           |     1 |       |       ||     1
         Kick              |     2 |    27 |    32 ||    61
         Short sword       |       |       |    11 ||    11
   Cast: Foxfire           |    40 |     8 |     6 ||    54
         Scorch            |    10 |    57 |    60 ||   127
    Use: Scroll            |       |     4 |       ||     4
   Stab: Sleeping          |     1 |       |       ||     1
         Distracted        |       |     1 |       ||     1
 Armour: Robe              |    48 |    75 |    96 ||   219
  Dodge: Dodged            |    78 |    69 |    98 ||   245
